 Dungeon Crawl Stone Soup version 0.26.0-10-g1f06aea511 (webtiles) character file.

Game seed: 3313133932210893779

283 dohliylev the Chopper (level 6, -2/56 HPs)
             Began as a Minotaur Berserker on Jan 18, 2021.
             Was a Priest of Trog.
             Slain by an ancient zyme (4 damage)
             ... on level 3 of the Dungeon.
             The game lasted 00:07:36 (2336 turns).

dohliylev the Chopper (Minotaur Berserker)          Turns: 2336, Time: 00:07:36

Health: -2/56      AC: 10    Str: 24    XL:     6   Next: 7%
Magic:  5/5        EV: 11    Int: 10    God:    Trog [***...]
Gold:   119        SH:  0    Dex:  9    Spells: 5/5 levels left

rFire    . . .     SeeInvis .   a - +0 hand axe
rCold    . . .     Faith    .   (no shield)
rNeg     . . .     Spirit   .   c - +0 scale mail
rPois    .         Reflect  .   (helmet restricted)
rElec    .         Harm     .   h - scarf {+Inv}
rCorr    .         Rampage  .   (no gloves)
Will     .....                  (no boots)
Stlth    ..........             f - amulet of magic regeneration
HPRegen  0.18/turn              e - +6 ring of intelligence
MPRegen  0.34/turn              q - +4 ring of protection

@: berserk cooldown, slowed, very slow
A: retaliatory headbutt, horns 2
a: Renounce Religion, Evoke Invisibility, Berserk, Trog's Hand


You were on level 3 of the Dungeon.
You worshipped Trog.
Trog was most pleased with you.
You visited 1 branch of the dungeon, and saw 3 of its levels.
You visited the Abyss 1 time.

You collected 119 gold pieces.

Inventory:

Hand Weapons
 a - a +0 hand axe (weapon)
Armour
 c - a +0 scale mail (worn)
 h - a scarf of invisibility (worn)
Jewellery
 e - a +6 ring of intelligence (left hand)
 f - an amulet of magic regeneration (around neck)
 q - a +4 ring of protection (right hand)
Scrolls
 b - 2 scrolls of enchant armour {unknown}
 d - a scroll of fog {unknown}
 i - 2 scrolls of random uselessness
 k - a scroll of remove curse
 l - a scroll of fear {unknown}
 n - a scroll of magic mapping {unknown}
 o - 2 scrolls of identify {unknown}
Potions
 g - a potion of mutation {unknown}
 j - a potion of might {unknown}
 m - 2 potions of brilliance {unknown}
 p - a potion of attraction {unknown}
 r - a potion of lignification {unknown}
 s - 2 potions of degeneration {unknown}


   Skills:
 + Level 5.1 Fighting
 + Level 6.4 Axes
 - Level 3.0 Armour
 + Level 3.5 Dodging


You had 5 spell levels left.
You didn't know any spells.
Your spell library was empty.

Dungeon Overview and Level Annotations

Branches:
Dungeon (3/15)

Altars:
Qazlal


Innate Abilities, Weirdness & Mutations

You reflexively headbutt those who attack you in melee.
You have a pair of horns on your head.


Message History

Things that are here:
a +2 short sword of distortion; 3 poisoned darts The ancient zyme closely misses you.
The ancient zyme hits you.
* * * LOW HITPOINT WARNING * * *
The orc hits you from afar with a +0 trident.
* * * LOW HITPOINT WARNING * * *
The ancient zyme closely misses you. You furiously retaliate!
You headbutt the ancient zyme. The ancient zyme hits you!
* * * LOW HITPOINT WARNING * * *
The orc hits you but does no damage.
As you read the scroll labelled QED IFRITRAI, it crumbles to dust.
You experience a momentary feeling of inescapable doom!
It was a scroll of random uselessness.
The ancient zyme hits you but does no damage. x2
The ancient zyme barely misses you.
The ancient zyme hits you but does no damage.
As you read the scroll labelled ROMAYVYETI, it crumbles to dust.
You feel blessed for a moment.
It was a scroll of remove curse.
The ancient zyme barely misses you. The ancient zyme hits you.
You die...

#.≈≈..§≈...######....###.###
#.§≈§_§≈..........#...##....
##.≈≈§≈§§....#####.....##.###
#..≈≈≈≈≈≈.#...###........#.##
#..........#.#.##.#.#...###.#
.####).).........#.#..## ##.
#.....[###o#o#.####.##..###)#
######. ##x..## #.##.#.#.##
#. ##@## #.#.....## #. #.####
#.#<.#### .. #....# #.......#
.# ####.# ###..##.# .
#.#####..##.# #........##.#
#...###..##.###
#####...........#..
.#####...........).†....


You could see an ancient zyme and 2 orcs.

Vanquished Creatures
  A small abomination (Abyss:1)
  A hound (D:2)
  Terence (D:2)
  3 gnolls (D:3)
  5 adders
  2 worms
  7 dart slugs
  4 orcs (D:3)
  12 bats
  4 giant cockroaches
  7 goblins
  3 hobgoblins (D:1)
  3 jackals (D:2)
  9 kobolds
  8 frilled lizards
  5 rats
75 creatures vanquished.

Notes
Turn   | Place    | Note
-------+----------+-------------------------------------------
     0 | D:1      | dohliylev the Minotaur Berserker began the quest for the
                  | Orb.
     0 | D:1      | Reached XP level 1. HP: 19/19 MP: 0/0
   288 | D:1      | Reached skill level 4 in Axes
   288 | D:1      | Reached XP level 2. HP: 27/27 MP: 1/1
   495 | D:1      | Reached XP level 3. HP: 32/34 MP: 2/2
  1011 | D:2      | Reached ** piety under Trog
  1103 | D:2      | Reached XP level 4. HP: 33/41 MP: 3/3
  1296 | D:2      | Noticed Terence
  1304 | D:2      | Killed Terence
  1305 | D:2      | Reached skill level 5 in Axes
  1588 | D:2      | Reached XP level 5. HP: 36/47 MP: 4/4
  1996 | D:3      | Reached skill level 5 in Fighting
  2102 | D:3      | Reached *** piety under Trog
  2179 | D:3      | Reached skill level 6 in Axes
  2210 | D:3      | Found a stormy altar of Qazlal.
  2218 | D:3      | Cast into level 1 of the Abyss (kobold)
  2306 | Abyss:1  | Noticed an ancient zyme
  2307 | Abyss:1  | Noticed a large abomination
  2321 | Abyss:1  | Reached XP level 6. HP: 56/56 MP: 5/5
  2325 | D:3      | Escaped the Abyss
  2331 | D:3      | HP: 1/56 [ancient zyme (7)]
  2336 | D:3      | Slain by an ancient zyme

Illustrated notes

Levels and vault maps discovered:
D:1:      minmay_arrival_split_and_join, layout_basic, corner_web_ring,
          st_stairs_8, minmay_split_cup_small
D:2:      layout_loops_ring, minmay_between, uniq_terence
D:3:      layout_loops_ring, general_overflow_altar, tgw_trog

Skill      XL: |  1  2  3  4  5 |
---------------+----------------+-----
Fighting       | 4 5 |  5.1
Axes           | 4 5 6 |  6.4
Armour         | 3 |  3.0
Dodging        | 3 |  3.5

Action                   |  1- 3 |  4- 6 || total
-------------------------+-------+-------++-------
Melee: Hand axe          |    79 |    88 ||   167
       Headbutt          |     9 |    15 ||    24
Invok: Berserk           |     1 |     4 ||     5
  Use: Scroll            |       |     2 ||     2
Armor: Scale mail        |    42 |    54 ||    96
Dodge: Dodged            |    45 |    69 ||   114
